 Dungeon Crawl Stone Soup version 0.31-a0-675-g238779eb0a (webtiles) character file.

Game seed: 5098848129199573372

238330 qw the Slayer (level 19, -10/139 HPs)
             Began as a Gargoyle Hunter on Sept 5, 2023.
             Was a High Priest of Okawaru.
             Mangled by Mennas
             ... wielding a +1 eudemon blade of holy wrath
              (14 damage)
             ... on level 2 of the Vaults.
             The game lasted 00:21:09 (31048 turns).

qw the Slayer (Gargoyle Hunter)                    Turns: 31048, Time: 00:21:10

Health: -10/139    AC: 32    Str: 26    XL:     19   Next: 71%
Magic:  24/26      EV: 28    Int:  8    God:    Okawaru [*****.]
Gold:   472        SH:  0    Dex: 23    Spells: 18/18 levels left

rFire   + + .        t - +3 longbow "Uroarral" {freeze, rF+ rC+ rN+ Int-4}
rCold   + . .        (shield currently unavailable)
rNeg    + + .        s - +3 leather armour of Happiness {rElec Str+7 Int-2}
rPois   inf          C - +0 helmet {Int+3}
rElec   +            F - +0 cloak of the Vaults {rF+ rCorr Str+3}
rCorr   +            c - +2 pair of gloves
SInv    +            p - +1 pair of boots "Peosh" {Will+ Dex+4}
Will    ++...        n - amulet of faith
Stlth   ++           a - +4 ring of slaying {mikee}
HPRegen 0.43/turn    o - ring of see invisible
MPRegen 0.20/turn

%: faith
@: heroic, finesse-ful, flying, glowing, silenced
A: sickness immunity, AC +14, big wings, negative energy resistance 1,
electricity resistance, torment resistance 1, petrification resistance
}: 1/15 runes: decaying
a: Renounce Religion


You were on level 2 of the Vaults.
You worshipped Okawaru.
Okawaru was extremely pleased with you.
You visited 7 branches of the dungeon, and saw 32 of its levels.
You also visited: Sewer.

You collected 3338 gold pieces.
You spent 2866 gold pieces at shops.


Innate Abilities, Weirdness & Mutations

You are immune to sickness and miasma.
Your stone body is resilient. (AC +14)
You are immune to poison.
Your large and strong wings let you fly.
You resist negative energy. (rN+)
You are resistant to electric shocks. (rElec)
You are resistant to unholy torment.
You are immune to petrification.


   Skills:
 - Level 22.0(27) Fighting
 - Level 20.0(25.0) Ranged Weapons
 + Level 11.7(16.7) Armour
 - Level 14.0(19.0) Dodging
 - Level 1.1(6.1) Stealth
 - Level 10.0 Invocations


You had 18 spell levels left.
You didn't know any spells.
Your spell library was empty.

Inventory:

Hand Weapons
 t - the +3 longbow "Uroarral" (weapon) {freeze, rF+ rC+ rN+ Int-4}
   (Okawaru gifted it to you on level 5 of the Lair of Beasts)

   Int-4:     It affects your intelligence (-4).
   rF+:       It protects you from fire.
   rC+:       It protects you from cold.
   rN+:       It protects you from negative energy.
Armour
 c - a +2 pair of gloves (worn)
 p - the +1 pair of boots "Peosh" (worn) {Will+ Dex+4}
   (You found it on level 7 of the Dungeon)

   Dex+4:     It affects your dexterity (+4).
   Will+:     It increases your willpower.
 s - the +3 leather armour of Happiness (worn) {rElec Str+7 Int-2}
   (You found it on level 5 of the Lair of Beasts)

   Str+7:     It affects your strength (+7).
   Int-2:     It affects your intelligence (-2).
   rElec:     It insulates you from electricity.
 w - a +2 cloak
 C - a +0 helmet of intelligence (worn)
 D - a +2 ring mail of cold resistance
 F - the +0 cloak of the Vaults (worn) {rF+ rCorr Str+3}
   (Okawaru gifted it to you on level 1 of the Vaults)

   Str+3:     It affects your strength (+3).
   rF+:       It protects you from fire.
   rCorr:     It protects you from acid and corrosion.
Jewellery
 a - a +4 ring of slaying (left hand) {mikee}
 f - the amulet of Past Mistakes {Reflect SH+5 Stlth+}
   (You bought it in a shop on level 1 of the Orcish Mines)

   [amulet of reflection]

   Reflect:   It reflects blocked missile attacks.
   SH+5:      It affects your SH (+5).
   Stlth+:    It makes you more stealthy.
 j - a ring of positive energy
 n - an amulet of faith (around neck)
 o - a ring of see invisible (right hand)
 v - a ring of resist corrosion
 y - a ring of protection from cold
 A - a ring of fire
 E - a ring of willpower
Wands
 r - a wand of digging (6)
Scrolls
 d - 6 scrolls of enchant weapon
 e - 5 scrolls of teleportation
 l - 6 scrolls of identify
 x - 2 scrolls of brand weapon
Potions
 g - 3 potions of cancellation
 h - 3 potions of haste
 i - 11 potions of curing
 k - 5 potions of might
 m - 3 potions of enlightenment
 q - 9 potions of mutation
 u - 3 potions of magic
 z - a potion of resistance

Dungeon Overview and Level Annotations

Branches:
Dungeon (15/15)            Temple (1/1) D:4            Lair (5/5) D:8
  Swamp (4/4) Lair:2        Snake (3/4) Lair:2        Slime (0/5) Lair:5
    Orc (2/2) D:11            Elf (0/3) Orc:2        Vaults (2/5) D:13
 Depths (0/4) D:15          Sewer (visited)
  Crypt: Vaults:2-3

Altars:
Ashenzari
Cheibriados
Dithmenos
Elyvilon
Fedhas
Gozag
Hepliaklqana
Kikubaaqudgha
Makhleb
Nemelex Xobeh
Okawaru
Qazlal
Ru
Sif Muna
Trog
Uskayaw
Vehumet
Wu Jian
Xom
Yredelemnul
Zin
The Shining One
Jiyva

Shops:
D:15 :[   Orc:1 =   Orc:2 :*[(   Snake:1 *?([*

Portals:
Trove: D:15 (give horn of Geryon)

Annotations:
Swamp:4 3 runed translucent doors, qw's ghost, adept GrFi; qw's ghost, adept NaHu
Snake:3 2 transporters, vinnietd's ghost, adept HaFi
Vaults:2 Mennas; Sojobo


Message History

The arrow hits Mennas but does no damage.
Mennas is severely wounded.
Mennas hits you but does no damage. x2
You shoot an arrow.
Mennas blocks the arrow.
You shoot an arrow.
Mennas blocks the arrow.
Mennas misses you. x2
You shoot an arrow.
Mennas blocks the arrow.
You shoot an arrow.
Mennas blocks the arrow.
Mennas becomes audible again.
Mennas gestures frantically.
Mennas's surroundings become eerily quiet.
You shoot an arrow. The arrow barely misses Mennas.
You shoot an arrow.
Mennas blocks the arrow.
Mennas hits you with a +1 eudemon blade of holy wrath!
Mennas hits you but does no damage.
You shoot an arrow.
The arrow hits Mennas but does no damage.
Mennas is severely wounded.
Mennas hits you with a +1 eudemon blade of holy wrath.
Mennas hits you but does no damage.
You shoot an arrow.
Mennas blocks the arrow.
You shoot an arrow. The arrow hits Mennas!!
The arrow freezes Mennas!
Mennas is almost dead.
Mennas closely misses you.
Mennas hits you with a +1 eudemon blade of holy wrath.
You shoot an arrow.
Mennas blocks the arrow.
You shoot an arrow. The arrow closely misses Mennas.
Mennas misses you. Mennas hits you but does no damage.
You shoot an arrow.
Mennas blocks the arrow.
You shoot an arrow. The arrow barely misses Mennas.
Mennas completely misses you.
Mennas hits you with a +1 eudemon blade of holy wrath.
You shoot an arrow.
Mennas blocks the arrow.
You shoot an arrow.
Mennas blocks the arrow.
Mennas closely misses you.
Mennas hits you with a +1 eudemon blade of holy wrath.
You shoot an arrow.
Mennas blocks the arrow.
You shoot an arrow.
Mennas blocks the arrow.
Mennas hits you with a +1 eudemon blade of holy wrath!
You die...

#......#
#......#
#......+ #......
..... ...
####A###
#...@..#
#......#
#......#
#..^...# #.
#......# #..
#...)..# ...
######'###
##'#####.......#
#......'.......#


You could see Mennas (silencing).

Vanquished Creatures
  Nikola (Snake:1)
  Norris (Vaults:2)
  2 tentacled monstrosities
  Jorgrun (D:12)
  Rupert (D:14)
  Gastronok (Lair:1)
  2 thorn hunters
  A shadow dragon (Vaults:1)
  2 tengu reavers
  Kirke (D:12)
  Roxanne (D:15)
  Donald (Snake:2)
  A fenstrider witch (Swamp:2)
  A nagaraja (Snake:3)
  2 vault wardens (Vaults:1)
  2 orc warlords
  Louise (D:14)
  2 very ugly things (Swamp:4)
  4 ironbound preservers
  7 ironbound thunderhulks
  Nessos (Lair:3)
  11 eleionomae
  Azrael (D:13)
  6 bunyips
  3 dire elephants (Vaults:1)
  An entropy weaver (Vaults:1)
  2 green deaths (Swamp:4)
  A shambling mangrove (Swamp:4)
  Josephine (D:10)
  A great orb of eyes (Vaults:1)
  A yaktaur captain (Vaults:1)
  Fannar (Orc:1)
  2 ghost crabs
  An ogre mage (D:15)
  10 hydras
  2 catoblepae (Lair:5)
  2 vault guards (Vaults:1)
  A spriggan air mage (Swamp:3)
  8 anacondas
  9 two-headed ogres
  Erica (Lair:2)
  10 centaur warriors
  4 ironbound frosthearts (Vaults:1)
  13 alligators
  A tengu warrior (D:13)
  10 death yaks (Lair:5)
  4 boulder beetles
  A deep troll shaman (Lair:5)
  7 naga warriors
  A thrashing horror (Swamp:4)
  Urug (Orc:1)
  5 naga sharpshooters
  Sonja (Orc:1)
  3 orc high priests (Orc:2)
  2 shock serpents (Snake:3)
  Nergalle (Lair:3)
  A sixfirhy (D:10)
  2 salamander mystics (Snake:2)
  4 goliath frogs
  3 skysharks
  4 skeletal warriors
  3 spriggan druids
  2 naga ritualists (Snake:3)
  9 swamp dragons
  A death drake (Swamp:3)
  10 deep trolls (Vaults:1)
  11 bog bodies
  A phantasmal warrior (D:15)
  4 ironbound convokers
  10 orc knights
  5 wizards
  Pikel (D:6)
  3 lindwurms
  A necromancer (D:15)
  3 manticores
  2 spectral boulder beetles (D:10)
  A stone giant zombie (D:15)
  5 mana vipers
  4 cyclopes
  24 ugly things
  4 salamanders
  6 deep elf pyromancers
  7 will-o-the-wisps
  21 elephants
  A fire giant zombie (D:15)
  5 orc sorcerers (Orc:2)
  A centaur zombie (D:10)
  24 black mambas
  A stone giant skeleton (D:15)
  2 orange demons
  2 vault sentinels (Vaults:2)
  4 naga magi
  Jeremiah (D:9)
  A guardian serpent (Snake:3)
  14 cane toads
  A kobold demonologist (D:12)
  An unseen horror zombie (D:10)
  3 gargoyles
  An unseen horror (D:11)
  An efreet (D:13)
  8 rime drakes
  8 komodo dragons
  A rime drake (shapeshifter) (D:14)
  13 yaktaurs
  A tengu conjurer (D:13)
  A guardian mummy (D:15)
  A troll (shapeshifter) (D:13)
  3 bloated husks (Swamp:1)
  3 trolls
  2 hellwings (D:10)
  8 tyrant leeches
  4 polar bears
  22 blink frogs
  Prince Ribbit (D:7)
  10 hornets
  7 dream sheep (Lair:2)
  4 centaur simulacra (D:10)
  27 slime creatures
  A spectral black mamba (D:10)
  11 spriggans
  11 flying skulls (D:10)
  13 wraiths
  52 yaks
  10 shadows
  A vampire (D:10)
  8 wyverns
  5 basilisks
  A large abomination (Swamp:4)
  6 humans (D:12)
  3 fire elementals (D:13)
  11 vampire mosquitoes
  A hog (D:12)
  2 steam dragons
  2 unseen horror simulacra (D:10)
  A glowing shapeshifter zombie (D:15)
  18 swamp worms
  16 wargs
  24 nagas
  4 acid dragons
  21 water moccasins
  A hell hound (D:13)
  6 swamp drakes
  Pargi (D:3)
  9 ogres
  34 orc warriors
  A sky beast (shapeshifter) (D:15)
  2 black mamba simulacra (D:10)
  9 wolves
  A sky beast (D:8)
  3 black bears
  A phantom (D:3)
  5 centaurs
  2 lemures (D:6)
  7 kobold brigands
  A gnoll sergeant (D:6)
  2 scorpions
  16 bullfrogs
  8 wights
  10 killer bees
  3 howler monkeys
  An electric eel (D:10)
  A quasit (D:10)
  A gnoll bouda (D:9)
  22 orc priests
  A centaur skeleton (D:10)
  2 hounds
  3 sleepcaps
  3 iguanas
  Terence (D:3)
  33 orc wizards
  2 hell rats (D:10)
  A statue (D:6)
  7 gnolls
  18 adders
  2 river rats
  A shadow imp (D:7)
  A white imp (D:7)
  A howler monkey simulacrum (D:10)
  An ufetubus (D:7)
  10 worms
  4 dart slugs
  101 orcs
  14 ball pythons
  5 bats
  14 endoplasms
  6 giant cockroaches
  15 goblins
  5 hobgoblins
  2 jackals (D:2)
  6 quokkas
  4 frilled lizards
  36 kobolds
  13 rats
1185 creatures vanquished.

Vanquished Creatures (others)
  An alligator (Swamp:1)
  A bloated husk (Swamp:1)
  27 foxfires
29 creatures vanquished.

Grand Total: 1214 creatures vanquished

Notes
Turn   | Place    | Note
-------+----------+-------------------------------------------
     0 | D:1      | qw the Gargoyle Hunter began the quest for the Orb.
     0 | D:1      | Reached XP level 1. HP: 12/12 MP: 1/1
     0 | D:1      | 0 ||| qw: Version: 0.3-a-75-g829b12e
     0 | D:1      | 0 ||| qw: Game counter: 98
     0 | D:1      | 0 ||| qw: Melee chars always use a shield: true
     0 | D:1      | 0 ||| qw: God list: Okawaru
     0 | D:1      | 0 ||| qw: Allow faded altars: false
     0 | D:1      | 0 ||| qw: Do Orc after clearing Dungeon:15 true
     0 | D:1      | 0 ||| qw: Do second Lair branch before Depths: true
     0 | D:1      | 0 ||| qw: Lair rune preference: random
     0 | D:1      | 0 ||| qw: Goals: Normal
     0 | D:1      | 0 ||| PLANNING D:1-11
    87 | D:1      | Reached XP level 2. HP: 17/17 MP: 2/2
   208 | D:1      | Reached XP level 3. HP: 21/21 MP: 3/3
   398 | D:1      | 398 ||| UPGRADING to +0 pair of boots.
   403 | D:1      | 403 ||| READING scroll labelled HEAFU BEL SOILLAI.
   404 | D:1      | 404 ||| READING scroll labelled HYEFOR OCESSI.
   405 | D:1      | 405 ||| READING scroll labelled ATOEFF GUYDUV.
   406 | D:1      | 406 ||| READING scroll labelled HUTIOK UFENT.
   407 | D:1      | 407 ||| DROPPING scroll of butterflies.
   418 | D:2      | 418 ||| STAIRDANCE
   424 | D:2      | 424 ||| STAIRDANCE
   512 | D:2      | Reached skill level 3 in Fighting
   601 | D:2      | Reached XP level 4. HP: 23/28 MP: 4/4
  1044 | D:2      | Found a burning altar of Makhleb.
  1057 | D:2      | 1057 ||| UPGRADING to +0 ring mail.
  1067 | D:2      | 1067 ||| DROPPING +0 leather armour.
  1068 | D:2      | 1068 ||| READING scroll labelled HICOLO MYAPS.
  1069 | D:2      | 1069 ||| READING scroll labelled XATAMU DYENA.
  1070 | D:2      | 1070 ||| DRINKING 2 amethyst potions.
  1180 | D:3      | Noticed a phantom
  1195 | D:3      | HP: 2/28 [phantom (6)]
  1198 | D:3      | Killed a phantom
  1199 | D:3      | Reached skill level 3 in Armour
  1199 | D:3      | Reached XP level 5. HP: 4/32 MP: 5/5
  1398 | D:3      | Noticed Terence
  1409 | D:3      | HP: 7/32 [ball python (2)]
  1414 | D:3      | HP: 1/32 [Terence/+0 mace (6)]
  1416 | D:3      | Killed Terence
  1582 | D:3      | Noticed Pargi
  1607 | D:3      | HP: 7/32 [Pargi (5)]
  1607 | D:3      | HP: 3/32 [Pargi (4)]
  1611 | D:3      | Killed Pargi
  1612 | D:3      | Reached skill level 6 in Ranged Weapons
  1612 | D:3      | Reached XP level 6. HP: 3/37 MP: 6/6
  1836 | D:3      | 1836 ||| Stepping ~*~*~tactically~*~*~ (outnumbered).
  1838 | D:3      | 1838 ||| Stepping ~*~*~tactically~*~*~ (outnumbered).
  2262 | D:3      | 2262 ||| UPGRADING to +0 pair of gloves.
  2267 | D:3      | 2267 ||| UPGRADING to +0 troll leather armour {Pargi}.
  2277 | D:3      | 2277 ||| DROPPING +0 ring mail.
  2278 | D:3      | 2278 ||| READING 2 scrolls labelled BEOBLETRI REGA.
  2281 | D:3      | 2281 ||| DRINKING 2 sedimented amethyst potions.
  2282 | D:3      | 2282 ||| DROPPING potion of magic.
  2303 | D:4      | Found a staircase to the Ecumenical Temple.
  2304 | D:4      | 2304 ||| PLANNING SEWER
  2305 | D:4      | 2305 ||| STAIRDANCE
  2310 | D:4      | 2310 ||| STAIRDANCE
  2316 | D:4      | 2316 ||| STAIRDANCE
  2334 | D:4      | Reached skill level 4 in Fighting
  2335 | D:4      | 2335 ||| STAIRDANCE
  2377 | D:4      | Reached XP level 7. HP: 38/43 MP: 7/7
  2668 | D:4      | Found an opulent altar of Gozag.
  2816 | D:4      | Found a glowing drain.
  2817 | D:4      | 2817 ||| Stepping ~*~*~tactically~*~*~ (water).
  2832 | D:4      | 2832 ||| UPGRADING to amulet of faith.
  2842 | Sewer    | Entered a sewer
  2893 | Sewer    | 2893 ||| Stepping ~*~*~tactically~*~*~ (water).
  2953 | Sewer    | 2953 ||| Stepping ~*~*~tactically~*~*~ (water).
  2996 | Sewer    | 2996 ||| Stepping ~*~*~tactically~*~*~ (water).
  3061 | Sewer    | 3061 ||| Stepping ~*~*~tactically~*~*~ (water).
  3067 | Sewer    | 3067 ||| Stepping ~*~*~tactically~*~*~ (water).
  3069 | Sewer    | 3069 ||| Stepping ~*~*~tactically~*~*~ (water).
  3084 | Sewer    | 3084 ||| Stepping ~*~*~tactically~*~*~ (water).
  3133 | Sewer    | 3133 ||| Stepping ~*~*~tactically~*~*~ (water).
  3233 | Sewer    | 3233 ||| Stepping ~*~*~tactically~*~*~ (water).
  3290 | Sewer    | Reached skill level 5 in Fighting
  3290 | Sewer    | Reached XP level 8. HP: 49/49 MP: 8/8
  3393 | Sewer    | 3393 ||| Stepping ~*~*~tactically~*~*~ (water).
  3398 | Sewer    | 3398 ||| Stepping ~*~*~tactically~*~*~ (water).
  3405 | Sewer    | 3405 ||| READING scroll labelled YSIANI QIRYPT.
  3406 | Sewer    | 3406 ||| DRINKING 3 viscous grey potions.
  3428 | D:4      | 3428 ||| PLANNING TEMPLE
  3480 | Temple   | Entered the Ecumenical Temple
  3481 | Temple   | 3481 ||| PLANNING OKAWARU WORSHIP
  3489 | Temple   | Became a worshipper of Warmaster Okawaru
  3490 | Temple   | 3490 ||| PLANNING D:1-11
  3606 | D:4      | 3606 ||| DRINKING 2 clear potions.
  3607 | D:4      | 3607 ||| DROPPING potion of attraction.
  3611 | D:5      | Entered Level 5 of the Dungeon
  3695 | D:5      | Found a bloodstained altar of Trog.
  3702 | D:5      | 3702 ||| Stepping ~*~*~tactically~*~*~ (outnumbered).
  3704 | D:5      | 3704 ||| Stepping ~*~*~tactically~*~*~ (outnumbered).
  3706 | D:5      | 3706 ||| Stepping ~*~*~tactically~*~*~ (outnumbered).
  3832 | D:5      | Reached skill level 9 in Ranged Weapons
  4178 | D:5      | Reached skill level 6 in Fighting
  4285 | D:5      | 4285 ||| READING scroll labelled HATUIR VUMA.
  4286 | D:5      | 4286 ||| READING scroll labelled GELERO RU UWA.
  4287 | D:5      | 4287 ||| READING 3 scrolls of identify.
  4287 | D:5      | 4287 ||| IDENTIFYING fuming ruby potion
  4288 | D:5      | 4288 ||| READING 2 scrolls of identify.
  4288 | D:5      | 4288 ||| IDENTIFYING fizzy grey potion
  4289 | D:5      | 4289 ||| DROPPING potion of degeneration.
  4307 | D:6      | Noticed Pikel
  4308 | D:6      | 4308 ||| Stepping ~*~*~tactically~*~*~ (retreating).
  4336 | D:6      | Killed Pikel
  4336 | D:6      | Reached * piety under Okawaru
  4336 | D:6      | Reached ** piety under Okawaru
  4337 | D:6      | Reached XP level 9. HP: 50/55 MP: 9/9
  4378 | D:6      | 4378 ||| INVOKING Heroism.
  4383 | D:6      | Reached skill level 1 in Invocations
  4447 | D:6      | Found a shadowy altar of Dithmenos.
  4465 | D:6      | Noticed a gargoyle
  4477 | D:6      | 4477 ||| INVOKING Heroism.
  4482 | D:6      | HP: 9/55 [gargoyle/stone arrow (19)]
  4483 | D:6      | 4483 ||| READING scroll of teleportation.
  4483 | D:6      | HP: 1/55 [gargoyle/+0 mace (9)]
  4484 | D:6      | 4484 ||| DRINKING 2 potions of heal wounds.
  4581 | D:6      | Found a radiant altar of Vehumet.
  4582 | D:6      | 4582 ||| INVOKING Heroism.
  4684 | D:6      | Reached skill level 3 in Dodging
  4817 | D:6      | 4817 ||| INVOKING Heroism.
  4874 | D:6      | Reached skill level 3 in Invocations
  4879 | D:6      | 4879 ||| INVOKING Heroism.
  4959 | D:6      | You fall into a shaft and drop 1 floor!
  5030 | D:7      | 5030 ||| UPGRADING to +4 ring of slaying {mikee}.
  5047 | D:6      | Killed a gargoyle
  5067 | D:6      | Found an ancient bone altar of Kikubaaqudgha.
  5067 | D:6      | Found a blossoming altar of Fedhas.
  5452 | D:6      | Found an ornate altar of the Wu Jian Council.
  5603 | D:6      | 5603 ||| UPGRADING to ring of positive energy.
  5651 | D:7      | Noticed Prince Ribbit
  5652 | D:7      | 5652 ||| INVOKING Heroism.
  5656 | D:7      | Killed Prince Ribbit
  5657 | D:7      | Reached skill level 7 in Fighting
  5696 | D:7      | 5696 ||| FLEEEEING.
  5698 | D:7      | 5698 ||| FLEEEEING.
  5719 | D:7      | 5719 ||| Stepping ~*~*~tactically~*~*~ (outnumbered).
  5749 | D:7      | Noticed a komodo dragon
  5750 | D:7      | 5750 ||| INVOKING Heroism.
  5761 | D:7      | HP: 4/58 [komodo dragon (17)]
  5762 | D:7      | 5762 ||| DRINKING potion of heal wounds.
  5766 | D:7      | Killed a komodo dragon
  5767 | D:7      | Reached skill level 8 in Fighting
  5767 | D:7      | Reached XP level 10. HP: 12/65 MP: 11/13
  5834 | D:7      | 5834 ||| INVOKING Heroism.
  5872 | D:7      | Found a glowing golden altar of the Shining One.
  6035 | D:7      | 6035 ||| SWAPPING to +0 orcbow.
  6036 | D:7      | 6036 ||| DROPPING +0 shortbow of flaming.
  6119 | D:7      | Found a burning altar of Makhleb.
  6119 | D:7      | Found a hide-covered altar of Uskayaw.
  6265 | D:7      | Identified the +1 pair of boots "Peosh" {Will+ Dex+4}
  6406 | D:7      | 6406 ||| UPGRADING to +1 pair of boots "Peosh" {Will+
                  | Dex+4}.
  6416 | D:7      | 6416 ||| DROPPING +0 pair of boots.
  6417 | D:7      | 6417 ||| READING 2 scrolls of identify.
  6417 | D:7      | 6417 ||| IDENTIFYING metallic golden potion
  6418 | D:7      | 6418 ||| DROPPING potion of ambrosia.
  6457 | D:8      | 6457 ||| STAIRDANCE
  6463 | D:7      | 6463 ||| INVOKING Heroism.
  6489 | D:8      | 6489 ||| STAIRDANCE
  6497 | D:7      | Reached *** piety under Okawaru
  6508 | D:8      | 6508 ||| STAIRDANCE
  6542 | D:8      | 6542 ||| RETREATING.
  6544 | D:8      | 6544 ||| RETREATING.
  6565 | D:8      | Reached skill level 12 in Ranged Weapons
  6591 | D:8      | Reached **** piety under Okawaru
  6594 | D:8      | Found a staircase to the Lair.
  6800 | D:8      | 6800 ||| RETREATING.
  6805 | D:8      | 6805 ||| RETREATING.
  6820 | D:8      | 6820 ||| FLEEEEING.
  6821 | D:8      | 6821 ||| FLEEEEING.
  6826 | D:8      | 6826 ||| INVOKING Heroism.
  6830 | D:8      | HP: 16/65 [yak (9)]
  6831 | D:8      | 6831 ||| READING scroll of teleportation.
  6921 | D:8      | 6921 ||| INVOKING Heroism.
  6922 | D:8      | 6922 ||| Stepping ~*~*~tactically~*~*~ (retreating).
  6924 | D:8      | 6924 ||| Stepping ~*~*~tactically~*~*~ (retreating).
  6936 | D:8      | Reached XP level 11. HP: 53/69 MP: 13/15
  7089 | D:8      | Reached skill level 6 in Invocations
  7107 | D:8      | Found a basalt altar of Yredelemnul.
  7127 | D:8      | Reached ***** piety under Okawaru
  7240 | D:8      | Found a stormy altar of Qazlal.
  7430 | D:8      | 7430 ||| PLANNING LAIR
  7430 | D:8      | 7430 ||| READING 2 scrolls of identify.
  7430 | D:8      | 7430 ||| IDENTIFYING purple potion
  7454 | Lair:1   | Entered Level 1 of the Lair of Beasts
  7462 | Lair:1   | 7462 ||| INVOKING Heroism.
  7469 | Lair:1   | Reached skill level 9 in Fighting
  7517 | Lair:1   | 7517 ||| INVOKING Heroism.
  7523 | Lair:1   | Identified the +8 arbalest of Hard Scrabble {freeze, rN+
                  | Will- Str+6} (Okawaru gifted it to you on level 1 of the
                  | Lair of Beasts)
  7523 | Lair:1   | Received a gift from Okawaru
  7533 | Lair:1   | 7533 ||| SWAPPING to +8 arbalest of Hard Scrabble {freeze,
                  | rN+ Will- Str+6}.
  7534 | Lair:1   | 7534 ||| DROPPING +0 orcbow.
  7599 | Lair:1   | 7599 ||| RETREATING.
  7607 | Lair:1   | 7607 ||| RETREATING.
  7649 | Lair:1   | 7649 ||| RETREATING.
  7705 | Lair:1   | 7705 ||| Stepping ~*~*~tactically~*~*~ (water).
  7847 | Lair:1   | 7847 ||| INVOKING Heroism.
  7983 | Lair:1   | Noticed Gastronok
  7984 | Lair:1   | 7984 ||| INVOKING Heroism.
  7997 | Lair:1   | Killed Gastronok
  8052 | Lair:1   | Reached skill level 9 in Invocations
  8057 | Lair:1   | 8057 ||| RETREATING.
  8271 | Lair:1   | 8271 ||| INVOKING Heroism.
  8393 | Lair:1   | 8393 ||| DRINKING 3 emerald potions.
  8394 | Lair:1   | 8394 ||| DROPPING 2 potions of brilliance.
  8459 | Lair:2   | Reached XP level 12. HP: 76/76 MP: 19/19
  8481 | Lair:2   | Found a staircase to the Snake Pit.
  8483 | Lair:2   | 8483 ||| RETREATING.
  8485 | Lair:2   | 8485 ||| Stepping ~*~*~tactically~*~*~ (outnumbered).
  8494 | Lair:2   | Received a gift from Okawaru
  8604 | Lair:2   | 8604 ||| RETREATING.
  8618 | Lair:2   | 8618 ||| INVOKING Heroism.
  8820 | Lair:2   | 8820 ||| FLEEEEING.
  8826 | Lair:2   | Reached skill level 10 in Fighting
  8827 | Lair:2   | 8827 ||| STAIRDANCE
  8845 | Lair:2   | Found a frozen archway.
  8846 | Lair:2   | 8846 ||| Stepping ~*~*~tactically~*~*~ (outnumbered).
  8848 | Lair:2   | 8848 ||| Stepping ~*~*~tactically~*~*~ (outnumbered).
  8850 | Lair:2   | 8850 ||| Stepping ~*~*~tactically~*~*~ (outnumbered).
  8907 | Lair:2   | Noticed Erica
  8908 | Lair:2   | 8908 ||| INVOKING Heroism.
  8909 | Lair:2   | 8909 ||| INVOKING Finesse.
  8912 | Lair:2   | Killed Erica
  9031 | Lair:2   | 9031 ||| RETREATING.
  9035 | Lair:2   | 9035 ||| RETREATING.
  9037 | Lair:2   | 9037 ||| Stepping ~*~*~tactically~*~*~ (retreating).
  9038 | Lair:2   | Identified the +3 scale mail "Deillu" {Drain Regen+ Str+4
                  | Dex+8} (Okawaru gifted it to you on level 2 of the Lair of
                  | Beasts)
  9038 | Lair:2   | Received a gift from Okawaru
  9090 | Lair:2   | 9090 ||| INVOKING Heroism.
  9095 | Lair:2   | Reached skill level 15 in Ranged Weapons
  9148 | Lair:2   | 9148 ||| INVOKING Heroism.
  9210 | Lair:2   | 9210 ||| INVOKING Heroism.
  9230 | Lair:2   | Reached skill level 6 in Dodging
  9289 | Lair:2   | 9289 ||| INVOKING Heroism.
  9305 | Lair:2   | Noticed a six-headed hydra
  9308 | Lair:2   | Killed a six-headed hydra
  9318 | Lair:2   | Noticed an eight-headed hydra
  9320 | Lair:2   | 9320 ||| RETREATING.
  9328 | Lair:2   | Killed an eight-headed hydra
  9373 | Lair:2   | Found a staircase to the Swamp.
  9575 | Lair:2   | 9575 ||| READING 2 scrolls of identify.
  9575 | Lair:2   | 9575 ||| IDENTIFYING bubbling silvery potion
  9576 | Lair:2   | 9576 ||| DROPPING potion of berserk rage.
  9593 | Lair:3   | Noticed Nessos
  9594 | Lair:3   | 9594 ||| INVOKING Finesse.
  9595 | Lair:3   | 9595 ||| STAIRDANCE
  9632 | Lair:3   | Killed Nessos
  9633 | Lair:3   | Reached XP level 13. HP: 59/82 MP: 20/20
  9659 | Lair:3   | 9659 ||| SWAPPING to +1 longbow of flaming.
  9660 | Lair:3   | 9660 ||| DROPPING +8 arbalest of Hard Scrabble {freeze, rN+
                  | Will- Str+6}.
  9661 | Lair:3   | 9661 ||| READING scroll of brand weapon.
  9661 | Lair:3   | 9661 ||| BRANDING +1 longbow of flaming.
  9671 | Lair:3   | 9671 ||| RETREATING.
  9802 | Lair:3   | 9802 ||| INVOKING Heroism.
  9831 | Lair:3   | 9831 ||| RETREATING.
  9884 | Lair:3   | Noticed Nergalle
  9885 | Lair:3   | 9885 ||| INVOKING Heroism.
  9890 | Lair:3   | Killed Nergalle
 10001 | Lair:3   | 10001 ||| RETREATING.
 10002 | Lair:3   | 10002 ||| Stepping ~*~*~tactically~*~*~ (retreating).
 10014 | Lair:3   | Reached skill level 11 in Fighting
 10050 | Lair:3   | 10050 ||| INVOKING Heroism.
 10126 | Lair:3   | 10126 ||| INVOKING Heroism.
 10250 | Lair:3   | 10250 ||| INVOKING Heroism.
 10272 | Lair:3   | 10272 ||| RETREATING.
 10423 | Lair:3   | 10423 ||| READING 2 scrolls labelled IRPHUC TOEQ.
 10524 | Lair:3   | 10524 ||| DROPPING scroll of silence.
 10572 | Lair:4   | 10572 ||| INVOKING Heroism.
 10573 | Lair:4   | 10573 ||| Stepping ~*~*~tactically~*~*~ (outnumbered).
 10579 | Lair:4   | 10579 ||| RETREATING.
 10580 | Lair:4   | 10580 ||| Stepping ~*~*~tactically~*~*~ (retreating).
 10581 | Lair:4   | 10581 ||| Stepping ~*~*~tactically~*~*~ (retreating).
 10582 | Lair:4   | 10582 ||| Stepping ~*~*~tactically~*~*~ (retreating).
 10583 | Lair:4   | 10583 ||| Stepping ~*~*~tactically~*~*~ (retreating).
 10620 | Lair:4   | 10620 ||| RETREATING.
 10628 | Lair:4   | 10628 ||| RETREATING.
 10634 | Lair:4   | 10634 ||| Stepping ~*~*~tactically~*~*~ (retreating).
 10644 | Lair:4   | Received a gift from Okawaru
 10662 | Lair:4   | 10662 ||| DROPPING +0 orcbow of draining.
 10822 | Lair:4   | 10822 ||| RETREATING.
 10830 | Lair:4   | 10830 ||| Stepping ~*~*~tactically~*~*~ (retreating).
 10831 | Lair:4   | 10831 ||| Stepping ~*~*~tactically~*~*~ (retreating).
 10833 | Lair:4   | 10833 ||| Stepping ~*~*~tactically~*~*~ (retreating).
 10834 | Lair:4   | 10834 ||| Stepping ~*~*~tactically~*~*~ (retreating).
 10891 | Lair:4   | 10891 ||| INVOKING Heroism.
 11392 | Lair:4   | 11392 ||| READING scroll labelled OMICIQ UM EPS.
 11393 | Lair:4   | 11393 ||| READING 3 scrolls of identify.
 11393 | Lair:4   | 11393 ||| IDENTIFYING coppery potion
 11394 | Lair:4   | 11394 ||| READING 2 scrolls of identify.
 11394 | Lair:4   | 11394 ||| IDENTIFYING silvery potion
 11431 | Lair:5   | Entered Level 5 of the Lair of Beasts
 11472 | Lair:5   | 11472 ||| INVOKING Heroism.
 11482 | Lair:5   | 11482 ||| RETREATING.
 11485 | Lair:5   | 11485 ||| Stepping ~*~*~tactically~*~*~ (retreating).
 11486 | Lair:5   | 11486 ||| Stepping ~*~*~tactically~*~*~ (retreating).
 11525 | Lair:5   | 11525 ||| READING scroll of enchant armour.
 11525 | Lair:5   | 11525 ||| ENCHANTING +0 pair of gloves.
 11546 | Lair:5   | 11546 ||| RETREATING.
 11559 | Lair:5   | 11559 ||| INVOKING Heroism.
 11577 | Lair:5   | 11577 ||| Stepping ~*~*~tactically~*~*~ (retreating).
 11580 | Lair:5   | 11580 ||| Stepping ~*~*~tactically~*~*~ (retreating).
 11583 | Lair:5   | Received a gift from Okawaru
 11605 | Lair:5   | 11605 ||| DROPPING +4 arbalest of flaming.
 11611 | Lair:5   | Found a viscous altar of Jiyva.
 11611 | Lair:5   | Found a staircase to the Slime Pits.
 11631 | Lair:5   | 11631 ||| INVOKING Heroism.
 11648 | Lair:5   | 11648 ||| RETREATING.
 11649 | Lair:5   | 11649 ||| Stepping ~*~*~tactically~*~*~ (retreating).
 11652 | Lair:5   | 11652 ||| Stepping ~*~*~tactically~*~*~ (retreating).
 11653 | Lair:5   | 11653 ||| Stepping ~*~*~tactically~*~*~ (retreating).
 11684 | Lair:5   | 11684 ||| INVOKING Heroism.
 11705 | Lair:5   | Gained mutation: Your large and strong wings let you fly.
                  | [Gargoyle growth]
 11705 | Lair:5   | Reached XP level 14. HP: 82/90 MP: 21/21
 11757 | Lair:5   | Reached skill level 18 in Ranged Weapons
 11854 | Lair:5   | 11854 ||| INVOKING Heroism.
 11855 | Lair:5   | 11855 ||| INVOKING Finesse.
 11884 | Lair:5   | Reached skill level 12 in Fighting
 11934 | Lair:5   | 11934 ||| INVOKING Heroism.
 11963 | Lair:5   | Identified the +3 leather armour of Happiness {rElec Str+7
                  | Int-2}
 12224 | Lair:5   | 12224 ||| INVOKING Heroism.
 12225 | Lair:5   | 12225 ||| INVOKING Finesse.
 12229 | Lair:5   | 12229 ||| RETREATING.
 12248 | Lair:5   | Identified the +3 longbow "Uroarral" {freeze, rF+ rC+ rN+
                  | Int-4} (Okawaru gifted it to you on level 5 of the Lair of
                  | Beasts)
 12248 | Lair:5   | Received a gift from Okawaru
 12302 | Lair:5   | 12302 ||| SWAPPING to +3 longbow "Uroarral" {freeze, rF+
                  | rC+ rN+ Int-4}.
 12303 | Lair:5   | 12303 ||| DROPPING +1 longbow of draining.
 12569 | Lair:5   | 12569 ||| PLANNING D:1-11
 12569 | Lair:5   | 12569 ||| UPGRADING to ring of see invisible.
 12571 | Lair:5   | 12571 ||| READING scroll labelled AJONAU SO SALE.
 12572 | Lair:5   | 12572 ||| READING 3 scrolls of identify.
 12572 | Lair:5   | 12572 ||| IDENTIFYING orange potion
 12573 | Lair:5   | 12573 ||| DROPPING potion of invisibility.
 12743 | D:9      | Noticed Jeremiah
 12791 | D:9      | Killed Jeremiah
 12986 | D:9      | 12986 ||| Stepping ~*~*~tactically~*~*~ (outnumbered).
 13014 | D:9      | 13014 ||| Stepping ~*~*~tactically~*~*~ (outnumbered).
 13422 | D:9      | 13422 ||| READING scroll labelled HUTUSTR GUUNU.
 13428 | D:10     | Entered Level 10 of the Dungeon
 13431 | D:10     | 13431 ||| RETREATING.
 13442 | D:10     | Identified the +7 chain mail "Womish" {Str+2} (Okawaru
                  | gifted it to you on level 10 of the Dungeon)
 13442 | D:10     | Received a gift from Okawaru
 13512 | D:10     | Found a shimmering blue altar of Sif Muna.
 13628 | D:10     | 13628 ||| FLEEEEING.
 13629 | D:10     | 13629 ||| FLEEEEING.
 13631 | D:10     | 13631 ||| FLEEEEING.
 13634 | D:10     | 13634 ||| FLEEEEING.
 13682 | D:10     | Reached ****** piety under Okawaru
 13770 | D:10     | Noticed Josephine
 13778 | D:10     | Killed Josephine
 13810 | D:10     | Found a sparkling altar of Nemelex Xobeh.
 13811 | D:10     | Found a hazy altar of Hepliaklqana.
 13980 | D:10     | 13980 ||| INVOKING Heroism.
 14032 | D:10     | Reached skill level 13 in Fighting
 14137 | D:10     | 14137 ||| Stepping ~*~*~tactically~*~*~ (retreating).
 14141 | D:10     | Reached XP level 15. HP: 98/98 MP: 22/22
 14275 | D:10     | Found a basalt altar of Yredelemnul.
 14404 | D:10     | 14404 ||| DROPPING scarf of harm.
 14405 | D:10     | 14405 ||| READING scroll labelled BENAPS BEZANT.
 14406 | D:10     | 14406 ||| READING 4 scrolls of identify.
 14406 | D:10     | 14406 ||| IDENTIFYING red potion
 14593 | D:11     | 14593 ||| RETREATING.
 14594 | D:11     | 14594 ||| Stepping ~*~*~tactically~*~*~ (retreating).
 14595 | D:11     | 14595 ||| Stepping ~*~*~tactically~*~*~ (retreating).
 14596 | D:11     | 14596 ||| Stepping ~*~*~tactically~*~*~ (retreating).
 14597 | D:11     | 14597 ||| Stepping ~*~*~tactically~*~*~ (retreating).
 14612 | D:11     | 14612 ||| FLEEEEING.
 14616 | D:11     | 14616 ||| FLEEEEING.
 14617 | D:11     | 14617 ||| FLEEEEING.
 14618 | D:11     | 14618 ||| FLEEEEING.
 14619 | D:11     | 14619 ||| FLEEEEING.
 14620 | D:11     | 14620 ||| STAIRDANCE
 14735 | D:11     | Found a staircase to the Orcish Mines.
 14778 | D:11     | 14778 ||| FLEEEEING.
 14779 | D:11     | 14779 ||| STAIRDANCE
 14799 | D:11     | 14799 ||| STAIRDANCE
 15035 | D:11     | 15035 ||| PLANNING D
 15086 | D:12     | Noticed Jorgrun
 15086 | D:12     | 15086 ||| INVOKING Heroism.
 15087 | D:12     | 15087 ||| RETREATING.
 15089 | D:12     | 15089 ||| INVOKING Finesse.
 15097 | D:12     | Killed Jorgrun
 15105 | D:12     | Received a gift from Okawaru
 15128 | D:12     | 15128 ||| RETREATING.
 15305 | D:12     | Noticed Kirke
 15306 | D:12     | 15306 ||| INVOKING Heroism.
 15307 | D:12     | 15307 ||| INVOKING Finesse.
 15308 | D:12     | 15308 ||| INVOKING Finesse.
 15314 | D:12     | Killed Kirke
 15575 | D:12     | Found a shadowy altar of Dithmenos.
 15760 | D:12     | 15760 ||| READING scroll labelled TASEDY ILOKH.
 15777 | D:12     | 15777 ||| READING 4 scrolls of identify.
 15777 | D:12     | 15777 ||| IDENTIFYING fizzy golden potion
 15778 | D:12     | 15778 ||| DROPPING potion of lignification.
 15810 | D:13     | 15810 ||| PLANNING GAUNTLET
 16116 | D:13     | Reached skill level 9 in Dodging
 16185 | D:13     | Noticed Azrael
 16186 | D:13     | 16186 ||| INVOKING Heroism.
 16187 | D:13     | 16187 ||| INVOKING Finesse.
 16201 | D:13     | Killed Azrael
 16280 | D:13     | 16280 ||| Stepping ~*~*~tactically~*~*~ (retreating).
 16288 | D:13     | 16288 ||| INVOKING Heroism.
 16299 | D:13     | 16299 ||| RIP GAUNTLET
 16300 | D:13     | 16300 ||| PLANNING D
 16341 | D:13     | Found a gate to the Vaults.
 16342 | D:13     | 16342 ||| RETREATING.
 16982 | D:14     | Noticed Louise
 16983 | D:14     | 16983 ||| RETREATING.
 16990 | D:14     | 16990 ||| Stepping ~*~*~tactically~*~*~ (retreating).
 16991 | D:14     | 16991 ||| INVOKING Heroism.
 16992 | D:14     | 16992 ||| INVOKING Finesse.
 17013 | D:14     | Killed Louise
 17048 | D:14     | Reached skill level 14 in Fighting
 17100 | D:14     | Noticed Rupert
 17101 | D:14     | 17101 ||| INVOKING Heroism.
 17102 | D:14     | 17102 ||| INVOKING Finesse.
 17108 | D:14     | Killed Rupert
 17203 | D:14     | Received a gift from Okawaru
 17205 | D:14     | 17205 ||| DROPPING +1 longbow of flaming.
 17269 | D:14     | 17269 ||| INVOKING Heroism.
 17273 | D:14     | 17273 ||| RETREATING.
 17496 | D:14     | Found a sparkling altar of Nemelex Xobeh.
 17498 | D:14     | Found a bloodstained altar of Trog.
 17498 | D:14     | Found a basalt altar of Yredelemnul.
 17500 | D:14     | Found a shimmering altar of Xom.
 17500 | D:14     | Found an opulent altar of Gozag.
 17500 | D:14     | Found a shimmering altar of Xom.
 17531 | D:15     | Entered Level 15 of the Dungeon
 17570 | D:15     | 17570 ||| FLEEEEING.
 17571 | D:15     | 17571 ||| FLEEEEING.
 17572 | D:15     | 17572 ||| FLEEEEING.
 17573 | D:15     | 17573 ||| FLEEEEING.
 17576 | D:15     | 17576 ||| FLEEEEING.
 17577 | D:15     | 17577 ||| FLEEEEING.
 17578 | D:15     | 17578 ||| FLEEEEING.
 17582 | D:15     | 17582 ||| RETREATING.
 17583 | D:15     | 17583 ||| Stepping ~*~*~tactically~*~*~ (retreating).
 17584 | D:15     | 17584 ||| Stepping ~*~*~tactically~*~*~ (retreating).
 17585 | D:15     | 17585 ||| Stepping ~*~*~tactically~*~*~ (retreating).
 17586 | D:15     | 17586 ||| Stepping ~*~*~tactically~*~*~ (retreating).
 17587 | D:15     | 17587 ||| Stepping ~*~*~tactically~*~*~ (retreating).
 17588 | D:15     | 17588 ||| INVOKING Heroism.
 17599 | D:15     | Reached skill level 15 in Fighting
 17608 | D:15     | Reached XP level 16. HP: 67/108 MP: 23/23
 17625 | D:15     | Identified the +0 arbalest of Reason {penet, *Slow Fly rN++
                  | Dex+3} (Okawaru gifted it to you on level 15 of the
                  | Dungeon)
 17625 | D:15     | Received a gift from Okawaru
 17632 | D:15     | 17632 ||| INVOKING Heroism.
 17634 | D:15     | HP: 26/108 [guardian mummy (16)]
 17635 | D:15     | 17635 ||| READING 5 scrolls of teleportation.
 17638 | D:15     | 17638 ||| DRINKING 4 potions of heal wounds.
 17639 | D:15     | 17639 ||| DRINKING 3 potions of heal wounds.
 17729 | D:15     | Found Ogewkes's Tremendous Tomes.
 17819 | D:15     | 17819 ||| RETREATING.
 17821 | D:15     | 17821 ||| Stepping ~*~*~tactically~*~*~ (retreating).
 17850 | D:15     | 17850 ||| FLEEEEING.
 17864 | D:15     | 17864 ||| Stepping ~*~*~tactically~*~*~ (outnumbered).
 17942 | D:15     | Found a portal to a secret trove of treasure.
 17980 | D:15     | Noticed Roxanne
 17981 | D:15     | 17981 ||| INVOKING Heroism.
 17982 | D:15     | 17982 ||| INVOKING Finesse.
 18001 | D:15     | Killed Roxanne
 18002 | D:15     | Reached skill level 6 in Armour
 18084 | D:15     | 18084 ||| INVOKING Heroism.
 18131 | D:15     | Found Dusiasua's Antique Armour Boutique.
 18202 | D:15     | Found a staircase to the Depths.
 18405 | D:15     | 18405 ||| RETREATING.
 18518 | D:15     | 18518 ||| PLANNING ORC
 18518 | D:15     | 18518 ||| UPGRADING to +3 leather armour of Happiness
                  | {rElec Str+7 Int-2}.
 18528 | D:15     | 18528 ||| DROPPING +0 troll leather armour {Pargi}.
 18529 | D:15     | 18529 ||| UPGRADING to +1 cloak.
 18644 | Orc:1    | Entered Level 1 of the Orcish Mines
 18665 | Orc:1    | Noticed Fannar
 18668 | Orc:1    | Killed Fannar
 18668 | Orc:1    | Received a gift from Okawaru
 18712 | Orc:1    | Noticed Sonja
 18713 | Orc:1    | 18713 ||| Stepping ~*~*~tactically~*~*~ (outnumbered).
 18714 | Orc:1    | 18714 ||| INVOKING Finesse.
 18715 | Orc:1    | Killed Sonja
 18760 | Orc:1    | 18760 ||| Stepping ~*~*~tactically~*~*~ (outnumbered).
 18792 | Orc:1    | Noticed Urug
 18793 | Orc:1    | 18793 ||| INVOKING Heroism.
 18794 | Orc:1    | 18794 ||| INVOKING Finesse.
 18797 | Orc:1    | Killed Urug
 18859 | Orc:1    | 18859 ||| INVOKING Heroism.
 18865 | Orc:1    | 18865 ||| RETREATING.
 18906 | Orc:1    | 18906 ||| INVOKING Heroism.
 19086 | Orc:2    | Entered Level 2 of the Orcish Mines
 19090 | Orc:2    | 19090 ||| STAIRDANCE
 19096 | Orc:2    | 19096 ||| STAIRDANCE
 19212 | Orc:2    | Found a staircase to the Elven Halls.
 19257 | Orc:1    | Found Zanor's Jewellery Boutique.
 19270 | Orc:1    | 19270 ||| BUYING amulet of Past Mistakes {Reflect SH+5
                  | Stlth+} (517 gold).
 19270 | Orc:1    | Bought the amulet of Past Mistakes {Reflect SH+5 Stlth+}
                  | for 517 gold pieces
 19270 | Orc:1    | 19270 ||| BUYING ring of protection from cold (325 gold).
 19270 | Orc:1    | Bought a ring of protection from cold for 325 gold pieces
 19337 | Orc:1    | 19337 ||| DROPPING ring of ice.
 19375 | Orc:2    | 19375 ||| INVOKING Heroism.
 19387 | Orc:2    | Reached skill level 16 in Fighting
 19639 | Orc:2    | 19639 ||| Stepping ~*~*~tactically~*~*~ (outnumbered).
 19731 | Orc:2    | 19731 ||| INVOKING Heroism.
 19816 | Orc:2    | 19816 ||| Stepping ~*~*~tactically~*~*~ (outnumbered).
 19817 | Orc:2    | 19817 ||| Stepping ~*~*~tactically~*~*~ (outnumbered).
 19818 | Orc:2    | 19818 ||| Stepping ~*~*~tactically~*~*~ (outnumbered).
 19819 | Orc:2    | 19819 ||| Stepping ~*~*~tactically~*~*~ (outnumbered).
 19820 | Orc:2    | 19820 ||| Stepping ~*~*~tactically~*~*~ (outnumbered).
 19821 | Orc:2    | 19821 ||| Stepping ~*~*~tactically~*~*~ (outnumbered).
 19822 | Orc:2    | 19822 ||| Stepping ~*~*~tactically~*~*~ (outnumbered).
 19823 | Orc:2    | 19823 ||| Stepping ~*~*~tactically~*~*~ (outnumbered).
 19824 | Orc:2    | 19824 ||| Stepping ~*~*~tactically~*~*~ (outnumbered).
 19826 | Orc:2    | 19826 ||| Stepping ~*~*~tactically~*~*~ (outnumbered).
 19827 | Orc:2    | 19827 ||| Stepping ~*~*~tactically~*~*~ (outnumbered).
 19829 | Orc:2    | 19829 ||| Stepping ~*~*~tactically~*~*~ (outnumbered).
 19830 | Orc:2    | 19830 ||| Stepping ~*~*~tactically~*~*~ (outnumbered).
 19831 | Orc:2    | 19831 ||| Stepping ~*~*~tactically~*~*~ (outnumbered).
 19832 | Orc:2    | 19832 ||| Stepping ~*~*~tactically~*~*~ (outnumbered).
 19833 | Orc:2    | 19833 ||| Stepping ~*~*~tactically~*~*~ (outnumbered).
 19834 | Orc:2    | 19834 ||| Stepping ~*~*~tactically~*~*~ (outnumbered).
 19835 | Orc:2    | 19835 ||| Stepping ~*~*~tactically~*~*~ (outnumbered).
 19836 | Orc:2    | 19836 ||| Stepping ~*~*~tactically~*~*~ (outnumbered).
 19837 | Orc:2    | 19837 ||| Stepping ~*~*~tactically~*~*~ (outnumbered).
 19860 | Orc:2    | 19860 ||| INVOKING Heroism.
 19877 | Orc:2    | 19877 ||| Stepping ~*~*~tactically~*~*~ (outnumbered).
 19878 | Orc:2    | 19878 ||| INVOKING Finesse.
 19887 | Orc:2    | 19887 ||| RETREATING.
 19953 | Orc:2    | 19953 ||| INVOKING Heroism.
 19981 | Orc:2    | 19981 ||| Stepping ~*~*~tactically~*~*~ (outnumbered).
 19982 | Orc:2    | 19982 ||| Stepping ~*~*~tactically~*~*~ (outnumbered).
 19995 | Orc:2    | 19995 ||| Stepping ~*~*~tactically~*~*~ (outnumbered).
 19996 | Orc:2    | 19996 ||| Stepping ~*~*~tactically~*~*~ (outnumbered).
 20017 | Orc:2    | 20017 ||| INVOKING Heroism.
 20087 | Orc:2    | 20087 ||| Stepping ~*~*~tactically~*~*~ (outnumbered).
 20090 | Orc:2    | 20090 ||| Stepping ~*~*~tactically~*~*~ (outnumbered).
 20091 | Orc:2    | 20091 ||| Stepping ~*~*~tactically~*~*~ (outnumbered).
 20092 | Orc:2    | 20092 ||| Stepping ~*~*~tactically~*~*~ (outnumbered).
 20093 | Orc:2    | 20093 ||| Stepping ~*~*~tactically~*~*~ (outnumbered).
 20094 | Orc:2    | 20094 ||| Stepping ~*~*~tactically~*~*~ (outnumbered).
 20095 | Orc:2    | 20095 ||| Stepping ~*~*~tactically~*~*~ (outnumbered).
 20096 | Orc:2    | 20096 ||| Stepping ~*~*~tactically~*~*~ (outnumbered).
 20121 | Orc:2    | Found Rukybypa's Antique Armour Shop.
 20122 | Orc:2    | Found Gahedone's Antique Weapon Boutique.
 20124 | Orc:2    | Found Sel Biyx's General Store.
 20124 | Orc:2    | Found Wuifedun's Book Shop.
 20128 | Orc:2    | 20128 ||| BUYING scroll of enchant armour (127 gold).
 20128 | Orc:2    | Bought a scroll of enchant armour for 127 gold pieces
 20128 | Orc:2    | 20128 ||| READING scroll of enchant armour.
 20128 | Orc:2    | 20128 ||| ENCHANTING +1 pair of gloves.
 20247 | Orc:2    | 20247 ||| PLANNING SWAMP:1-3
 20317 | Orc:2    | 20317 ||| INVOKING Heroism.
 20542 | Swamp:1  | Entered Level 1 of the Swamp
 20553 | Swamp:1  | 20553 ||| INVOKING Heroism.
 20725 | Swamp:1  | 20725 ||| INVOKING Heroism.
 20786 | Swamp:1  | Received a gift from Okawaru
 20791 | Swamp:1  | 20791 ||| Stepping ~*~*~tactically~*~*~ (outnumbered).
 20793 | Swamp:1  | 20793 ||| INVOKING Heroism.
 20891 | Swamp:1  | 20891 ||| INVOKING Heroism.
 20935 | Swamp:1  | 20935 ||| Stepping ~*~*~tactically~*~*~ (retreating).
 20936 | Swamp:1  | 20936 ||| Stepping ~*~*~tactically~*~*~ (retreating).
 20937 | Swamp:1  | 20937 ||| Stepping ~*~*~tactically~*~*~ (retreating).
 20939 | Swamp:1  | 20939 ||| Stepping ~*~*~tactically~*~*~ (retreating).
 20940 | Swamp:1  | 20940 ||| Stepping ~*~*~tactically~*~*~ (retreating).
 20950 | Swamp:1  | Reached skill level 17 in Fighting
 21203 | Swamp:1  | Reached XP level 17. HP: 117/117 MP: 24/24
 21379 | Swamp:2  | 21379 ||| INVOKING Heroism.
 21384 | Swamp:2  | 21384 ||| STAIRDANCE
 21451 | Swamp:2  | 21451 ||| INVOKING Heroism.
 21491 | Swamp:2  | 21491 ||| RETREATING.
 21492 | Swamp:2  | 21492 ||| INVOKING Heroism.
 21496 | Swamp:2  | 21496 ||| Stepping ~*~*~tactically~*~*~ (retreating).
 21497 | Swamp:2  | 21497 ||| Stepping ~*~*~tactically~*~*~ (retreating).
 21498 | Swamp:2  | 21498 ||| Stepping ~*~*~tactically~*~*~ (retreating).
 21499 | Swamp:2  | 21499 ||| Stepping ~*~*~tactically~*~*~ (retreating).
 21500 | Swamp:2  | 21500 ||| INVOKING Finesse.
 21501 | Swamp:2  | 21501 ||| Stepping ~*~*~tactically~*~*~ (outnumbered).
 21502 | Swamp:2  | 21502 ||| Stepping ~*~*~tactically~*~*~ (outnumbered).
 21503 | Swamp:2  | 21503 ||| Stepping ~*~*~tactically~*~*~ (retreating).
 21504 | Swamp:2  | 21504 ||| Stepping ~*~*~tactically~*~*~ (retreating).
 21505 | Swamp:2  | 21505 ||| Stepping ~*~*~tactically~*~*~ (retreating).
 21537 | Swamp:2  | HP: 20/117 [will-o-the-wisp/foxfire (16)]
 21538 | Swamp:2  | 21538 ||| READING 4 scrolls of teleportation.
 21539 | Swamp:2  | 21539 ||| DRINKING 2 potions of heal wounds.
 21540 | Swamp:2  | 21540 ||| DRINKING potion of heal wounds.
 21613 | Swamp:2  | 21613 ||| INVOKING Heroism.
 21781 | Swamp:2  | 21781 ||| INVOKING Heroism.
 21782 | Swamp:2  | 21782 ||| INVOKING Finesse.
 21827 | Swamp:2  | 21827 ||| INVOKING Heroism.
 21843 | Swamp:2  | Reached skill level 18 in Fighting
 21883 | Swamp:2  | 21883 ||| INVOKING Heroism.
 21959 | Swamp:2  | 21959 ||| FLEEEEING.
 21961 | Swamp:2  | 21961 ||| FLEEEEING.
 21962 | Swamp:2  | 21962 ||| FLEEEEING.
 21963 | Swamp:2  | 21963 ||| FLEEEEING.
 21964 | Swamp:2  | 21964 ||| FLEEEEING.
 21965 | Swamp:2  | 21965 ||| FLEEEEING.
 21967 | Swamp:2  | 21967 ||| STAIRDANCE
 22054 | Swamp:2  | 22054 ||| STAIRDANCE
 22492 | Swamp:3  | 22492 ||| INVOKING Heroism.
 22687 | Swamp:3  | 22687 ||| Stepping ~*~*~tactically~*~*~ (retreating).
 22688 | Swamp:3  | 22688 ||| Stepping ~*~*~tactically~*~*~ (retreating).
 22689 | Swamp:3  | 22689 ||| Stepping ~*~*~tactically~*~*~ (retreating).
 22690 | Swamp:3  | 22690 ||| Stepping ~*~*~tactically~*~*~ (retreating).
 22691 | Swamp:3  | 22691 ||| Stepping ~*~*~tactically~*~*~ (retreating).
 22692 | Swamp:3  | 22692 ||| Stepping ~*~*~tactically~*~*~ (retreating).
 22693 | Swamp:3  | 22693 ||| Stepping ~*~*~tactically~*~*~ (retreating).
 22694 | Swamp:3  | 22694 ||| Stepping ~*~*~tactically~*~*~ (retreating).
 22708 | Swamp:3  | 22708 ||| INVOKING Heroism.
 22887 | Swamp:3  | 22887 ||| INVOKING Heroism.
 22899 | Swamp:3  | Identified the +0 kite shield of the Demon Prince {*Corrode
                  | +Inv Regen+} (Okawaru gifted it to you on level 3 of the
                  | Swamp)
 22899 | Swamp:3  | Received a gift from Okawaru
 22978 | Swamp:3  | Reached skill level 12 in Dodging
 23317 | Swamp:3  | Noticed a tentacled monstrosity
 23318 | Swamp:3  | 23318 ||| INVOKING Heroism.
 23319 | Swamp:3  | 23319 ||| INVOKING Finesse.
 23330 | Swamp:3  | Killed a tentacled monstrosity
 23331 | Swamp:3  | Reached skill level 9 in Armour
 23457 | Swamp:3  | 23457 ||| Stepping ~*~*~tactically~*~*~ (cloud).
 23534 | Swamp:3  | 23534 ||| FLEEEEING.
 23535 | Swamp:3  | 23535 ||| FLEEEEING.
 23626 | Swamp:3  | 23626 ||| PLANNING SNAKE:1-3
 23626 | Swamp:3  | 23626 ||| READING 7 scrolls of identify.
 23626 | Swamp:3  | 23626 ||| IDENTIFYING viscous amethyst potion
 23773 | Snake:1  | Entered Level 1 of the Snake Pit
 23851 | Snake:1  | Found Loemn's Gadget Gallery.
 23852 | Snake:1  | You are sucked into a shaft and drop 1 floor!
 23868 | Snake:2  | 23868 ||| Stepping ~*~*~tactically~*~*~ (retreating).
 23869 | Snake:2  | 23869 ||| Stepping ~*~*~tactically~*~*~ (retreating).
 23870 | Snake:2  | 23870 ||| Stepping ~*~*~tactically~*~*~ (retreating).
 23922 | Snake:1  | 23922 ||| Stepping ~*~*~tactically~*~*~ (outnumbered).
 23948 | Snake:1  | Noticed Nikola
 23949 | Snake:1  | 23949 ||| Stepping ~*~*~tactically~*~*~ (outnumbered).
 23950 | Snake:1  | 23950 ||| Stepping ~*~*~tactically~*~*~ (outnumbered).
 23955 | Snake:1  | 23955 ||| INVOKING Heroism.
 23961 | Snake:1  | 23961 ||| INVOKING Finesse.
 23973 | Snake:1  | Killed Nikola
 24060 | Snake:1  | Found Pumat's Antique Armour Emporium.
 24063 | Snake:1  | Found Qoareph's General Store.
 24063 | Snake:1  | Found Mabaliust's Magic Scroll Shoppe.
 24066 | Snake:1  | Found Huyttec's Antique Weapon Shoppe.
 24068 | Snake:1  | 24068 ||| BUYING ancient ring mail (306 gold).
 24068 | Snake:1  | Bought an ancient ring mail for 306 gold pieces
 24068 | Snake:1  | Identified the +0 ring mail "Buupladgh" {rPois Str+6} (You
                  | bought it in a shop on level 1 of the Snake Pit)
 24068 | Snake:1  | 24068 ||| BUYING glowing leather armour (170 gold).
 24068 | Snake:1  | Bought a glowing leather armour for 170 gold pieces
 24068 | Snake:1  | 24068 ||| BUYING shiny helmet (255 gold).
 24068 | Snake:1  | Bought a shiny helmet for 255 gold pieces
 24068 | Snake:1  | 24068 ||| BUYING shiny ring mail (238 gold).
 24068 | Snake:1  | Bought a shiny ring mail for 238 gold pieces
 24071 | Snake:1  | 24071 ||| BUYING potion of enlightenment (80 gold).
 24071 | Snake:1  | Bought a potion of enlightenment for 80 gold pieces
 24071 | Snake:1  | 24071 ||| BUYING potion of heal wounds (80 gold).
 24071 | Snake:1  | Bought a potion of heal wounds for 80 gold pieces
 24071 | Snake:1  | 24071 ||| BUYING potion of heal wounds (80 gold).
 24071 | Snake:1  | Bought a potion of heal wounds for 80 gold pieces
 24071 | Snake:1  | 24071 ||| BUYING ring of willpower (400 gold).
 24071 | Snake:1  | Bought a ring of willpower for 400 gold pieces
 24071 | Snake:1  | 24071 ||| BUYING scroll of enchant weapon (120 gold).
 24071 | Snake:1  | Bought a scroll of enchant weapon for 120 gold pieces
 24077 | Snake:1  | 24077 ||| BUYING scroll of enchant weapon (120 gold).
 24077 | Snake:1  | Bought a scroll of enchant weapon for 120 gold pieces
 24077 | Snake:1  | 24077 ||| SHOPLISTING scroll of enchant weapon (120 gold,
                  | have 118).
 24077 | Snake:1  | 24077 ||| BUYING scroll of teleportation (48 gold).
 24077 | Snake:1  | Bought a scroll of teleportation for 48 gold pieces
 24079 | Snake:1  | 24079 ||| READING scroll of enchant armour.
 24079 | Snake:1  | 24079 ||| ENCHANTING +1 cloak.
 24118 | Snake:1  | 24118 ||| INVOKING Heroism.
 24491 | Snake:1  | 24491 ||| DROPPING +0 ring mail "Buupladgh" {rPois Str+6}.
 24492 | Snake:1  | 24492 ||| DROPPING +0 leather armour of cold resistance.
 24493 | Snake:1  | 24493 ||| UPGRADING to +0 helmet of intelligence.
 24498 | Snake:1  | 24498 ||| DROPPING +2 ring mail of poison resistance.
 24612 | Snake:2  | 24612 ||| INVOKING Heroism.
 24614 | Snake:2  | 24614 ||| Stepping ~*~*~tactically~*~*~ (retreating).
 24615 | Snake:2  | 24615 ||| Stepping ~*~*~tactically~*~*~ (retreating).
 24616 | Snake:2  | 24616 ||| Stepping ~*~*~tactically~*~*~ (retreating).
 24618 | Snake:2  | 24618 ||| Stepping ~*~*~tactically~*~*~ (retreating).
 24620 | Snake:2  | 24620 ||| Stepping ~*~*~tactically~*~*~ (retreating).
 24621 | Snake:2  | 24621 ||| Stepping ~*~*~tactically~*~*~ (retreating).
 24623 | Snake:2  | 24623 ||| Stepping ~*~*~tactically~*~*~ (retreating).
 24726 | Snake:2  | 24726 ||| Stepping ~*~*~tactically~*~*~ (outnumbered).
 24729 | Snake:2  | 24729 ||| Stepping ~*~*~tactically~*~*~ (outnumbered).
 24731 | Snake:2  | 24731 ||| Stepping ~*~*~tactically~*~*~ (outnumbered).
 24785 | Snake:2  | Noticed Donald
 24786 | Snake:2  | 24786 ||| INVOKING Heroism.
 24787 | Snake:2  | 24787 ||| INVOKING Finesse.
 24794 | Snake:2  | 24794 ||| Stepping ~*~*~tactically~*~*~ (retreating).
 24800 | Snake:2  | 24800 ||| Stepping ~*~*~tactically~*~*~ (outnumbered).
 24806 | Snake:2  | 24806 ||| Stepping ~*~*~tactically~*~*~ (outnumbered).
 24807 | Snake:2  | Killed Donald
 24808 | Snake:2  | Reached XP level 18. HP: 109/127 MP: 19/25
 24891 | Snake:2  | Reached skill level 19 in Fighting
 24993 | Snake:2  | Received a gift from Okawaru
 25261 | Snake:3  | 25261 ||| INVOKING Heroism.
 25289 | Snake:3  | 25289 ||| RETREATING.
 25465 | Snake:3  | 25465 ||| INVOKING Heroism.
 25536 | Snake:3  | Found a transporter.
 25537 | Snake:3  | Noticed vinnietd's ghost (adept HaFi)
 25554 | Snake:3  | 25554 ||| Stepping ~*~*~tactically~*~*~ (outnumbered).
 25567 | Snake:3  | 25567 ||| RETREATING.
 25663 | Snake:3  | 25663 ||| INVOKING Heroism.
 25700 | Snake:3  | Found a transporter.
 26352 | Snake:3  | 26352 ||| PLANNING SWAMP:4
 26553 | Swamp:4  | Entered Level 4 of the Swamp
 26570 | Swamp:4  | Found a runed translucent gate.
 26576 | Swamp:4  | Noticed qw's ghost (adept GrFi)
 26576 | Swamp:4  | Noticed qw's ghost (adept GrFi)
 26576 | Swamp:4  | Noticed qw's ghost (adept GrFi)
 26576 | Swamp:4  | Found a runed translucent gate.
 26576 | Swamp:4  | Found a runed translucent gate.
 26577 | Swamp:4  | Noticed qw's ghost (adept NaHu)
 26577 | Swamp:4  | Noticed qw's ghost (adept GrFi)
 26580 | Swamp:4  | 26580 ||| FLEEEEING.
 26581 | Swamp:4  | 26581 ||| FLEEEEING.
 26582 | Swamp:4  | 26582 ||| FLEEEEING.
 26583 | Swamp:4  | 26583 ||| FLEEEEING.
 26584 | Swamp:4  | 26584 ||| FLEEEEING.
 26585 | Swamp:4  | 26585 ||| FLEEEEING.
 26589 | Swamp:4  | 26589 ||| STAIRDANCE
 26636 | Swamp:4  | 26636 ||| STAIRDANCE
 26722 | Swamp:4  | 26722 ||| INVOKING Heroism.
 26723 | Swamp:4  | 26723 ||| INVOKING Finesse.
 26869 | Swamp:4  | 26869 ||| RETREATING.
 26870 | Swamp:4  | 26870 ||| INVOKING Heroism.
 26876 | Swamp:4  | 26876 ||| Stepping ~*~*~tactically~*~*~ (retreating).
 26877 | Swamp:4  | 26877 ||| Stepping ~*~*~tactically~*~*~ (retreating).
 26878 | Swamp:4  | 26878 ||| Stepping ~*~*~tactically~*~*~ (retreating).
 26879 | Swamp:4  | 26879 ||| Stepping ~*~*~tactically~*~*~ (retreating).
 26880 | Swamp:4  | 26880 ||| Stepping ~*~*~tactically~*~*~ (retreating).
 26881 | Swamp:4  | 26881 ||| Stepping ~*~*~tactically~*~*~ (retreating).
 26884 | Swamp:4  | 26884 ||| Stepping ~*~*~tactically~*~*~ (retreating).
 26885 | Swamp:4  | 26885 ||| Stepping ~*~*~tactically~*~*~ (retreating).
 26886 | Swamp:4  | 26886 ||| Stepping ~*~*~tactically~*~*~ (retreating).
 26887 | Swamp:4  | 26887 ||| Stepping ~*~*~tactically~*~*~ (retreating).
 26888 | Swamp:4  | 26888 ||| Stepping ~*~*~tactically~*~*~ (retreating).
 26889 | Swamp:4  | 26889 ||| Stepping ~*~*~tactically~*~*~ (retreating).
 26890 | Swamp:4  | 26890 ||| Stepping ~*~*~tactically~*~*~ (retreating).
 26890 | Swamp:4  | HP: 27/129 [five-headed hydra[a spriggan druid] (6)]
 26891 | Swamp:4  | 26891 ||| READING 7 scrolls of teleportation.
 26892 | Swamp:4  | 26892 ||| DRINKING 4 potions of heal wounds.
 26893 | Swamp:4  | 26893 ||| Stepping ~*~*~tactically~*~*~ (retreating).
 26894 | Swamp:4  | 26894 ||| Stepping ~*~*~tactically~*~*~ (retreating).
 26931 | Swamp:4  | 26931 ||| INVOKING Heroism.
 26970 | Swamp:4  | 26970 ||| INVOKING Heroism.
 26998 | Swamp:4  | 26998 ||| INVOKING Heroism.
 27163 | Swamp:4  | 27163 ||| RETREATING.
 27164 | Swamp:4  | 27164 ||| Stepping ~*~*~tactically~*~*~ (outnumbered).
 27204 | Swamp:4  | 27204 ||| RETREATING.
 27208 | Swamp:4  | Reached skill level 20 in Fighting
 27375 | Swamp:4  | 27375 ||| RETREATING.
 27378 | Swamp:4  | 27378 ||| INVOKING Heroism.
 27456 | Swamp:4  | Noticed a tentacled monstrosity
 27457 | Swamp:4  | 27457 ||| INVOKING Heroism.
 27458 | Swamp:4  | 27458 ||| INVOKING Finesse.
 27467 | Swamp:4  | Killed a tentacled monstrosity
 27467 | Swamp:4  | Received a gift from Okawaru
 27551 | Swamp:4  | Got a decaying rune of Zot
 27570 | Swamp:4  | 27570 ||| INVOKING Heroism.
 27867 | Swamp:4  | 27867 ||| PLANNING VAULTS:1-4
 28169 | Vaults:1 | Entered Level 1 of the Vaults
 28170 | Vaults:1 | 28170 ||| Stepping ~*~*~tactically~*~*~ (outnumbered).
 28183 | Vaults:1 | Identified the +0 pair of gloves of the King of the Hill
                  | {Fly} (Okawaru gifted it to you on level 1 of the Vaults)
 28183 | Vaults:1 | Received a gift from Okawaru
 28500 | Vaults:1 | Reached XP level 19. HP: 134/136 MP: 26/26
 28513 | Vaults:1 | 28513 ||| Stepping ~*~*~tactically~*~*~ (outnumbered).
 28515 | Vaults:1 | 28515 ||| Stepping ~*~*~tactically~*~*~ (outnumbered).
 28529 | Vaults:1 | Reached skill level 21 in Fighting
 28731 | Vaults:1 | 28731 ||| INVOKING Heroism.
 28863 | Vaults:1 | 28863 ||| Stepping ~*~*~tactically~*~*~ (outnumbered).
 28867 | Vaults:1 | 28867 ||| RETREATING.
 28896 | Vaults:1 | 28896 ||| Stepping ~*~*~tactically~*~*~ (outnumbered).
 29009 | Vaults:1 | 29009 ||| INVOKING Heroism.
 29010 | Vaults:1 | 29010 ||| INVOKING Finesse.
 29026 | Vaults:1 | 29026 ||| RETREATING.
 29195 | Vaults:1 | 29195 ||| Stepping ~*~*~tactically~*~*~ (retreating).
 29199 | Vaults:1 | 29199 ||| Stepping ~*~*~tactically~*~*~ (retreating).
 29213 | Vaults:1 | 29213 ||| Stepping ~*~*~tactically~*~*~ (retreating).
 29229 | Vaults:1 | 29229 ||| INVOKING Heroism.
 29429 | Vaults:1 | 29429 ||| RETREATING.
 29494 | Vaults:1 | 29494 ||| RETREATING.
 29496 | Vaults:1 | 29496 ||| INVOKING Finesse.
 29506 | Vaults:1 | 29506 ||| Stepping ~*~*~tactically~*~*~ (outnumbered).
 29520 | Vaults:1 | 29520 ||| INVOKING Finesse.
 29619 | Vaults:1 | 29619 ||| RETREATING.
 29697 | Vaults:1 | 29697 ||| INVOKING Heroism.
 29926 | Vaults:1 | Identified the +0 cloak of the Vaults {rF+ rCorr Str+3}
                  | (Okawaru gifted it to you on level 1 of the Vaults)
 29926 | Vaults:1 | Received a gift from Okawaru
 30060 | Vaults:1 | 30060 ||| DROPPING +0 pair of gloves of the King of the
                  | Hill {Fly}.
 30061 | Vaults:1 | 30061 ||| UPGRADING to +0 cloak of the Vaults {rF+ rCorr
                  | Str+3}.
 30151 | Vaults:2 | 30151 ||| FLEEEEING.
 30152 | Vaults:2 | 30152 ||| FLEEEEING.
 30153 | Vaults:2 | 30153 ||| FLEEEEING.
 30154 | Vaults:2 | 30154 ||| FLEEEEING.
 30155 | Vaults:2 | 30155 ||| FLEEEEING.
 30156 | Vaults:2 | 30156 ||| FLEEEEING.
 30157 | Vaults:2 | 30157 ||| RETREATING.
 30158 | Vaults:2 | 30158 ||| Stepping ~*~*~tactically~*~*~ (retreating).
 30159 | Vaults:2 | 30159 ||| Stepping ~*~*~tactically~*~*~ (retreating).
 30187 | Vaults:2 | Reached skill level 22 in Fighting
 30403 | Vaults:2 | Noticed Norris
 30411 | Vaults:2 | Killed Norris
 30568 | Vaults:2 | Noticed Sojobo
 30569 | Vaults:2 | 30569 ||| RETREATING.
 30571 | Vaults:2 | 30571 ||| Stepping ~*~*~tactically~*~*~ (outnumbered).
 30572 | Vaults:2 | 30572 ||| INVOKING Heroism.
 30574 | Vaults:2 | 30574 ||| INVOKING Finesse.
 30575 | Vaults:2 | 30575 ||| Stepping ~*~*~tactically~*~*~ (retreating).
 30576 | Vaults:2 | 30576 ||| Stepping ~*~*~tactically~*~*~ (retreating).
 30576 | Vaults:2 | Paralysed by an air elemental for 1 turns
 30579 | Vaults:2 | 30579 ||| Stepping ~*~*~tactically~*~*~ (outnumbered).
 30580 | Vaults:2 | 30580 ||| Stepping ~*~*~tactically~*~*~ (retreating).
 30614 | Vaults:2 | 30614 ||| INVOKING Heroism.
 30642 | Vaults:2 | HP: 29/139 [Sojobo/+2 triple sword of pain (16)]
 30643 | Vaults:2 | 30643 ||| READING 6 scrolls of teleportation.
 30644 | Vaults:2 | 30644 ||| DRINKING 4 potions of heal wounds.
 30644 | Vaults:2 | Paralysed by an air elemental for 1 turns
 30985 | Vaults:2 | Identified the +5 tower shield of Fortification {rPois rN+
                  | Str+3 Int+2}
 30985 | Vaults:2 | Noticed Mennas
 30986 | Vaults:2 | 30986 ||| INVOKING Heroism.
 31003 | Vaults:2 | 31003 ||| INVOKING Finesse.
 31010 | Vaults:2 | HP: 31/139 [Mennas/+1 eudemon blade of holy wrath (5)]
 31011 | Vaults:2 | 31011 ||| DRINKING 3 potions of heal wounds.
 31014 | Vaults:2 | 31014 ||| DRINKING 2 potions of heal wounds.
 31021 | Vaults:2 | HP: 34/139 [Mennas/+1 eudemon blade of holy wrath (5)]
 31022 | Vaults:2 | 31022 ||| DRINKING potion of heal wounds.
 31037 | Vaults:2 | HP: 23/139 [Mennas/+1 eudemon blade of holy wrath (16)]
 31044 | Vaults:2 | HP: 9/139 [Mennas/+1 eudemon blade of holy wrath (6)]
 31046 | Vaults:2 | HP: 4/139 [Mennas/+1 eudemon blade of holy wrath (6)]
 31048 | Vaults:2 | Mangled by Mennas

Levels and vault maps discovered:
D:1:      minmay_arrival_checkered_box, layout_rooms
D:2:      layout_loops_ring, basic_altar
D:3:      layout_loops_ring, minmay_pentangle, uniq_terence, uniq_pargi
D:4:      layout_gridville, nicolae_gozag_seed_capital,
          minmay_temple_entry_wispy, portal_sewer_entry_e
D:5:      layout_basic, trog_hazing_becter
D:6:      layout_basic, grunt_temple_overflow_growth_and_decay,
          lemuel_tele_altar, pdpol_wu_jian_five_deadly_venoms, vehumet_statue,
          roderic_serpentine_path, uniq_pikel
D:7:      layout_loops_ring, mainiacjoe_overflow_paths,
          gammafunk_temple_overflow_elements, nrook_uturn, uniq_prince_ribbit1
D:8:      minmay_goldmine, layout_loops_ring, grunt_qazlal_clouds,
          mainiacjoe_overflow_cross_hatched, minmay_lair_entry_grove
D:9:      layout_irregular_city, corexii_corridor_pit, uniq_jeremiah
D:10:     lemuel_vampire_tower, layout_rooms, kennysheep_orc_sif_temple,
          nicolae_overflow_squiral, serial_demonic, serial_demonic_e,
          serial_demonic_e, serial_demonic_c, serial_demonic_e, uniq_josephine
D:11:     layout_long_grid, orc_0_dummy, serial_rivers,
          chequers_serial_rivers_micro_b, chequers_serial_rivers_small_b,
          chequers_serial_rivers_micro_b, chequers_serial_rivers_small_a,
          chequers_serial_rivers_small_b, chequers_serial_rivers_small_a,
          st_stairs_8
D:12:     layout_long_grid, minivault_22, grunt_dithmenos_shadows, uniq_kirke,
          uniq_jorgrun
D:13:     layout_basic, skrybe_vaults_entry_preservation,
          gauntlet_entry_generic, grunt_decor_clamped, nicolae_the_louvre,
          uniq_azrael
D:14:     layout_big_octagon, dk_noncrumbling_2, doesnt_xom_only_xom,
          uniq_rupert, uniq_louise
D:15:     gammafunk_depths_entry_grave, layout_gridville, serial_shops,
          nicolae_shop_trees, chequers_serial_rivers_micro_d, enter_trove_6,
          nicolae_shop_i_like_big_books, uniq_roxanne
Temple:   nicolae_temple_great_sept
Lair:1:   layout_gridlike, chequers_serial_rivers_large_a,
          infiniplex_staircase_pool_2, uniq_gastronok
Lair:2:   layout_cave_pods, palyth_hydra_swamp_entry,
          guppyfry_snake_entry_garden, portal_ice_cave_rime, grunt_megastairs_3,
          uniq_erica
Lair:3:   layout_roguey, grunt_megastairs_1, uniq_nergalle, uniq_nessos
Lair:4:   layout_cave_pods, grunt_forest_large_clearings
Lair:5:   grunt_lair_end_beastmaster, layout_regular_city, slime_entry_1
Swamp:1:  layout_basic_swamp, evilmike_swamp_ruin_house_4, swamp_pool5,
          infiniplex_staircase_pool
Swamp:2:  layout_basic_swamp, evilmike_swamp_ruin_house_5
Swamp:3:  nzn_winding_woodlands_medium [nzn_winding_woodlands_5x5_open_star,
          nzn_winding_woodlands_5x15_river_crossing,
          nzn_winding_woodlands_5x5_perimeter, nzn_winding_woodlands_5x5_three,
          nzn_winding_woodlands_center_diamonds,
          nzn_winding_woodlands_5x5_cross,
          nzn_winding_woodlands_5x5_closed_star,
          nzn_winding_woodlands_5x15_crooked,
          nzn_winding_woodlands_5x5_checkerboard], layout_basic_swamp,
          evilmike_swamp_ruin_rubble_2
Swamp:4:  swamp_vile, layout_basic_swamp, gammafunk_ghost_cemetery
Snake:1:  layout_layer_cave, nicolae_shop_gadgets, minmay_shoptagon, uniq_nikola
Snake:2:  layout_misc_corridors, grunt_ministairs_2, uniq_donald
Snake:3:  layout_chambers, gammafunk_ghost_berserking_beasts
Orc:1:    layout_diamond_mine, serial_shops, nicolae_shop_crystal, uniq_fannar,
          uniq_sonja, uniq_urug
Orc:2:    st_orc_congregation, layout_diamond_mine, basic_altar,
          nooodl_orcs_dogs
Vaults:1: v_misc_31, nicolae_vaults_heart-shaped_vault,
          nicolae_vaults_windows_and_doors_thing, nicolae_vaults_tetromino_T_2,
          nicolae_vaults_off_center_swirl, nicolae_vaults_trapezoid_lopsided_4,
          ontoclasm_vaults_ligature, hangedman_vaults_locks, v_alt_pattern_4,
          nicolae_vaults_apartment_2, v_misc_33,
          nicolae_vaults_little_squares_3, layout_vaults_omnicross
Vaults:2: nicolae_vaults_house_3, nicolae_vaults_house_2,
          nicolae_vaults_trapezoid_2, nicolae_vaults_shrinking_rooms_1,
          v_misc_24, nicolae_vaults_weapon_check, v_rooms_3,
          ontoclasm_vaults_spin, v_misc_9, vaults_dpeg_hooks,
          nicolae_vaults_closet_pinwheel_3, v_misc_19, v_misc_19,
          layout_vaults_maze, uniq_sojobo, uniq_xtahua, uniq_mennas,
          uniq_frederick, uniq_norris

Skill      XL: |  1  2  3  4  5  6  7  8  9 10 11 12 13 14 15 16 17 18 19 |
---------------+----------------------------------------------------------+-----
Ranged Weapons | 5 6 8 10 11 12 13 15 17 19 20 | 20.0
Fighting       | 3 4 5 6 8 9 10 11 13 15 17 18 20 22 | 22.0
Armour         | 3 4 5 7 10 11 | 11.7
Dodging        | 2 3 4 5 6 7 8 9 11 12 13 14 | 14.0
Invocations    | 4 5 9 10 | 10.0
Stealth        | |  1.1

Action                     |  1- 3 |  4- 6 |  7- 9 | 10-12 | 13-15 | 16-18 | 19-21 || total
---------------------------+-------+-------+-------+-------+-------+-------+-------++-------
   Fire: Shortbow          |   106 |   247 |   514 |    36 |       |       |       ||   903
         Orcbow            |       |       |       |   225 |       |       |       ||   225
         Arbalest          |       |       |       |   186 |       |       |       ||   186
         Longbow           |       |       |       |       |  1129 |  1723 |   515 ||  3367
 Invoke: Heroism           |       |       |     7 |    15 |    23 |    42 |     7 ||    94
         Finesse           |       |       |       |     2 |     7 |    11 |     5 ||    25
    Use: Scroll            |     4 |     3 |     6 |     4 |    13 |     6 |     1 ||    37
         Potion            |       |     2 |     4 |     1 |       |     5 |     4 ||    16
 Armour: Leather armour    |    25 |    20 |       |       |       |   309 |   183 ||   537
         Ring mail         |       |   131 |       |       |       |       |       ||   131
         Troll leather arm |       |    47 |   115 |   132 |   227 |    46 |       ||   567
  Dodge: Dodged            |    25 |   120 |   130 |   127 |   301 |   499 |   211 ||  1413

Table legend:
 A = Non-vault XP
 B = Vault XP
 C = Vault XP percentage of total XP
 D = Non-vault monster count
 E = Vault monster count
 F = Vault count percentage of total count
                 A         B        C        D         E       F
            +---------+---------+-------+---------+---------+-------
      Total |  229746 |  146081 |  38.9 |     772 |     407 |  34.5
            +---------+---------+-------+---------+---------+-------
        D:1 |      47 |       0 |   0.0 |      27 |       0 |   0.0
        D:2 |      81 |       0 |   0.0 |      25 |       0 |   0.0
        D:3 |     251 |     190 |  43.1 |      26 |       8 |  23.5
        D:4 |     406 |      27 |   6.2 |      30 |       8 |  21.1
        D:5 |     464 |      11 |   2.3 |       8 |       6 |  42.9
        D:6 |    1178 |     673 |  36.4 |      22 |       2 |   8.3
        D:7 |    1526 |     682 |  30.9 |      26 |       3 |  10.3
        D:8 |    2132 |    2135 |  50.0 |      24 |      21 |  46.7
        D:9 |    1053 |     412 |  28.1 |      18 |       1 |   5.3
       D:10 |    2360 |   14100 |  85.7 |      23 |      63 |  73.3
       D:11 |    2900 |     159 |   5.2 |      18 |       1 |   5.3
       D:12 |    4493 |    3638 |  44.7 |      12 |       4 |  25.0
       D:13 |    4308 |    6313 |  59.4 |      14 |      14 |  50.0
       D:14 |    7880 |    2955 |  27.3 |      14 |       2 |  12.5
       D:15 |   16385 |    5409 |  24.8 |      35 |       9 |  20.5
     Lair:1 |    6536 |    1497 |  18.6 |      31 |       1 |   3.1
     Lair:2 |    7775 |    5207 |  40.1 |      33 |      14 |  29.8
     Lair:3 |    4444 |    2917 |  39.6 |      18 |       7 |  28.0
     Lair:4 |    7221 |     220 |   3.0 |      26 |       1 |   3.7
     Lair:5 |   19222 |    9296 |  32.6 |      43 |      20 |  31.7
    Swamp:1 |   14276 |     387 |   2.6 |      25 |       3 |  10.7
    Swamp:2 |   21325 |       0 |   0.0 |      38 |       0 |   0.0
    Swamp:3 |    5176 |   15352 |  74.8 |      10 |      23 |  69.7
    Swamp:4 |   17193 |   18761 |  52.2 |      35 |      28 |  44.4
    Snake:1 |    6959 |    2444 |  26.0 |      15 |       1 |   6.2
    Snake:2 |   17219 |    3066 |  15.1 |      37 |       4 |   9.8
    Snake:3 |   16569 |       0 |   0.0 |      28 |       0 |   0.0
      Orc:1 |    4336 |    2432 |  35.9 |      31 |       3 |   8.8
      Orc:2 |    2519 |   12029 |  82.7 |      27 |      88 |  76.5
   Vaults:1 |   28785 |   26469 |  47.9 |      43 |      34 |  44.2
   Vaults:2 |    4727 |    8883 |  65.3 |      10 |      10 |  50.0
      Sewer |       0 |     417 | 100.0 |       0 |      28 | 100.0
            +---------+---------+-------+---------+---------+-------
